 Dungeon Crawl Stone Soup version 0.26-b1-32-g5d43845318 (webtiles) character file.

Game seed: 633055055964020478

109 Borgoz the Slasher (level 4, 0/37 HPs)
             Began as a Ghoul Gladiator on Jan 13, 2021.
             Killed from afar by Terence (6 damage)
             ... with a puff of flame
             ... on level 3 of the Dungeon.
             The game lasted 00:02:49 (2553 turns).

Borgoz the Slasher (Ghoul Gladiator)                Turns: 2553, Time: 00:02:50

Health: 0/37       AC:  7    Str: 17    XL:     4   Next: 90%
Magic:  3/3        EV:  9    Int:  3    God:
Gold:   113        SH:  0    Dex: 11    Spells: 3/3 levels left

rFire    . . .     SeeInvis +   a - +1 long sword
rCold    + . .     Faith    .   (no shield)
rNeg     + + +     Spirit   .   b - +0 leather armour
rPois    ∞         Reflect  .   e - +1 hat
rElec    .         Harm     .   (no cloak)
rCorr    .         Rampage  .   (no gloves)
Will     .....                  m - +2 pair of boots
Stlth    +.........             f - amulet of the acrobat
HPRegen  0.00/turn              j - -4 ring of evasion (curse)
MPRegen  0.08/turn              h - ring of see invisible

@: no status effects
A: claws 1, cold resistance 1, negative energy resistance 3, inhibited
regeneration, torment resistance, unbreathing
a: no special abilities


You were on level 3 of the Dungeon.
You visited 1 branch of the dungeon, and saw 3 of its levels.

You collected 113 gold pieces.

Inventory:

Hand Weapons
 a - a +1 long sword (weapon)
Missiles
 d - 2 throwing nets (quivered)
Armour
 b - a +0 leather armour (worn)
 e - a +1 hat (worn)
 m - a +2 pair of boots (worn)
Jewellery
 f - an amulet of the acrobat (around neck)
 h - a ring of see invisible (right claw)
 j - a cursed -4 ring of evasion (left claw)
 n - a +4 ring of protection {unknown}
Scrolls
 g - a scroll of fog
 i - 4 scrolls of teleportation
 l - a scroll of identify
 o - a scroll of fear
Potions
 c - a potion of brilliance {unknown}
 k - a potion of might
 p - a potion of degeneration {unknown}
 q - a potion of curing
 r - a potion of lignification {unknown}


   Skills:
 + Level 2.7 Fighting
 * Level 3.4 Long Blades
 - Level 1.7 Throwing
 * Level 1.9 Armour
 * Level 3.4 Dodging


You had 3 spell levels left.
You didn't know any spells.
Your spell library was empty.

Dungeon Overview and Level Annotations

Branches:
Dungeon (3/15)

Altars:

Annotations:
D:3 Terence


Innate Abilities, Weirdness & Mutations

You thrive by killing the living.
You are immune to poison.
You have sharp fingernails.
Your flesh is cold resistant. (rC+)
You are immune to negative energy. (rN+++)
You do not regenerate when monsters are visible.
You are immune to unholy pain and torment.
You can survive without breathing.


Message History

Aim: Terence, wielding a +2 falchion of flaming, wearing a +0 chain mail and carrying a wand of flame (17) (moderately wounded)
You throw a throwing net. The throwing net hits Terence.
Terence is caught in the net!
Terence is moderately wounded.
Terence struggles against the net.
You completely miss Terence.
Terence is moderately wounded.
Terence struggles against the net.
You hit Terence but do no damage.
Terence is lightly wounded.
Terence struggles against the net. x2
The net rips apart, and Terence comes free!
You hit Terence but do no damage.
Terence is lightly wounded.
Terence zaps a wand.
The puff of flame hits you!
* * * LOW HITPOINT WARNING * * *
You hit Terence but do no damage.
Terence is lightly wounded.
Terence zaps a wand.
The puff of flame hits you.
You die...

.# . #.# ### ## .. #.#
#.. .# 8.. #.# #.#
.##.. #.#### #.# ...
#....# #.######@##.#
##.##.# #.##...@....#
##...#.###...........#
.............†....$...+
##...#.###.##.##.....##
##..#.# #.##.#......#
##.#.# #.##.#.###.##
#.... ..##.#. .# #....
..##.#. .# ###.######..


You could see Terence.

Vanquished Creatures
  4 adders
  A worm (D:2)
  2 leopard geckos (D:3)
  6 orcs (D:3)
  A ball python (D:2)
  10 bats
  3 giant cockroaches
  7 goblins
  6 hobgoblins
  4 jackals (D:2)
  4 frilled lizards
  6 kobolds
  3 rats
57 creatures vanquished.

Notes
Turn   | Place    | Note
-------+----------+-------------------------------------------
     0 | D:1      | Borgoz the Ghoul Gladiator began the quest for the Orb.
     0 | D:1      | Reached XP level 1. HP: 17/17 MP: 0/0
   304 | D:1      | Reached XP level 2. HP: 24/24 MP: 1/1
  1000 | D:2      | Reached skill level 1 in Armour
  1000 | D:2      | Reached XP level 3. HP: 29/30 MP: 2/2
  1574 | D:2      | Reached XP level 4. HP: 37/37 MP: 3/3
  2538 | D:3      | Noticed Terence
  2553 | D:3      | Killed from afar by Terence

Illustrated notes

Levels and vault maps discovered:
D:1:      moated_graveyard_arrival, layout_loops_ring
D:2:      minmay_diamond_boxcup, layout_basic
D:3:      layout_loops_corners, nicolae_overflow_crystal_walls,
          eat_drink_and_be_merry_uskayaw, chequers_serial_rivers_micro_c,
          uniq_terence

Skill      XL: |  1  2 |
---------------+-------+-----
Long Blades    | 3 |  3.4
Armour         | 1 |  1.9
Dodging        | 3 |  3.4
Fighting       | |  2.7
Throwing       | |  1.7

Action                   |  1- 3 |  4- 6 || total
-------------------------+-------+-------++-------
Melee: Long sword        |   102 |    78 ||   180
Throw: Throwing net      |       |     1 ||     1
  Use: Scroll            |     9 |       ||     9
       Potion            |       |     1 ||     1
Armor: Leather armour    |    61 |    32 ||    93
Dodge: Dodged            |    71 |    25 ||    96
       Rpst.: Long sword |    24 |     8 ||    32
